[Event "Titled Tuesday Blitz October 04 Late 2022"]
[White "Nepomniachtchi, Ian"]
[Black "Bortnyk, Mykola"]
[WhiteFideId "4168119"]
[BlackFideId "14120836"]
[WhiteElo "2781"]
[BlackElo "2582"]
[Result "1-0"]
[Round "08"]
[TimeControl "180+1"]
[Date "2022.10.04"]
[WhiteClock "0:00:23"]
[BlackClock "0:00:01"]

1. d4 Nf6 2. c4 e6 3. Nf3 d5 4. g3 dxc4 5. Bg2 Bd7 6. O-O Bc6 7. a4 a6 8. Nc3 Nbd7 9. Qc2 Bb4 10. Na2 Be7 11. a5 b5 12. axb6 Nxb6 13. b3 Be4 14. Qd1 cxb3 15. Qxb3 O-O 16. Nc3 Bb7 17. Ba3 Bxa3 18. Qxa3 Rb8 19. e3 Nfd5 20. Rfc1 Nxc3 21. Qxc3 Nd5 22. Qc5 Qd6 23. Ne5 Rfc8 24. h4 f6 25. Nd3 Re8 26. Qc4 Nb6 27. Qxc7 Qxc7 28. Rxc7 Bxg2 29. Kxg2 Nd5 30. Ra7 Rb3 31. Nf4 Nxf4+ 32. gxf4 e5 33. dxe5 fxe5 34. f5 Rb4 35. Kh3 Rf8 36. Rd1 Rxf5 37. Rd8+ Rf8 38. Rdd7 Rxf2 39. Rxg7+ Kf8 40. Rxh7 Kg8 41. Rhe7 Rf3+ 42. Kg2 Rf6 43. Ra8+ Rf8 44. Rxa6 Rxh4 45. Rg6+ Kh8 46. Rxe5 Kh7 47. Reg5 Rf7 48. Rg3 Rf8 49. R6g5 Kh6 50. Rg6+ Kh7 51. Rg7+ Kh6 52. R3g6+ Kh5 53. Rg5+ Kh6 54. Rg3 Ra4 55. R7g6+ Kh7 56. Kh3 Re8 57. Rg7+ Kh8 58. R7g5 Ra7 59. Kg2 Rh7 60. e4 Rh6 61. Kf3 Re7 62. e5 Kh7 63. Ke4 Kh8 64. Kf5 Rf7+ 65. Ke4 Re7 66. Rg8+ Kh7 67. R8g4 Kh8 68. Rg5 Kh7 69. R3g4 Kh8 70. Rg6 Rh5 71. R4g5 Rh1 72. e6 Re1+ 73. Kd5 Rd1+ 74. Ke5 Kh7 75. Kf6 Ra7 76. Rh5# 1-0


[Site "https://www.chess.com"]

[Event "Titled Tuesday Blitz October 04 Late 2022"]
[White "Rasulov, Vugar"]
[Black "Vlassov, Nikolai"]
[WhiteFideId "13402390"]
[BlackFideId "4103360"]
[WhiteElo "2509"]
[BlackElo "2324"]
[Result "1-0"]
[Round "08"]
[TimeControl "180+1"]
[Date "2022.10.04"]
[WhiteClock "0:01:28"]
[BlackClock "0:00:19"]

1. c4 e5 2. Nc3 Nf6 3. g3 Bb4 4. Bg2 O-O 5. Nf3 Nc6 6. O-O Bxc3 7. bxc3 e4 8. Nd4 Nxd4 9. cxd4 d5 10. d3 Be6 11. c5 Re8 12. Rb1 b6 13. Bg5 h6 14. Bf4 Qd7 15. Re1 exd3 16. exd3 Bh3 17. Bh1 Rxe1+ 18. Qxe1 Re8 19. Qd2 Qe7 20. cxb6 axb6 21. Bf3 c5 22. dxc5 bxc5 23. a4 Qa7 24. a5 Ra8 25. Ra1 Qa6 26. Be5 Bf5 27. d4 Ne4 28. Qf4 Bg6 29. dxc5 Qc4 30. Rc1 Qa2 31. Bxe4 dxe4 32. c6 Qxa5 33. c7 Qa6 34. h4 Rc8 35. Qg4 Qe6 36. Qxe6 fxe6 37. Rd1 1-0


[Site "https://www.chess.com"]

[Event "Titled Tuesday Blitz October 04 Late 2022"]
[White "Riehle, Marco"]
[Black "Timmermans, Mark"]
[WhiteFideId "12904392"]
[BlackFideId "1026399"]
[WhiteElo "2462"]
[BlackElo "2460"]
[Result "0-1"]
[Round "08"]
[TimeControl "180+1"]
[Date "2022.10.04"]
[WhiteClock "0:00:33"]
[BlackClock "0:00:10"]

1. e4 e5 2. Nf3 Nc6 3. Bc4 Nf6 4. d4 exd4 5. O-O Nxe4 6. Nc3 dxc3 7. Bxf7+ Kxf7 8. Qd5+ Kf6 9. Re1 Ne7 10. Qxe4 Kf7 11. Bg5 cxb2 12. Qf4+ Kg8 13. Ne5 Qe8 14. Bxe7 Qxe7 15. Rab1 d5 16. Rxb2 c6 17. c4 Qf6 18. Qd4 Be6 19. Rxb7 c5 20. Qd1 d4 21. Nd7 Bxd7 22. Rxd7 h5 23. h3 Rh6 24. Rd5 Qf7 25. Ree5 Re8 26. Qe2 Rhe6 27. f4 Rxe5 28. fxe5 h4 29. a4 Qf5 30. a5 Re7 31. a6 Rf7 32. e6 Qb1+ 33. Kh2 Rf1 34. g4 Rh1+ 35. Kg2 Qg1+ 36. Kf3 Rxh3+ 37. Kf4 Qg3+ 38. Kg5 Qe3+ 39. Qxe3 Rxe3 40. Kxh4 Rxe6 41. Rd7 Rxa6 42. g5 Ra4 43. g6 Rxc4 44. Kg5 Rc3 45. Kf4 Rc1 46. Ke4 Rf1 47. Rxa7 Rf6 48. Rd7 Rxg6 49. Rc7 Rf6 50. Kd5 Rf7 51. Rc8 g5 52. Re8 g4 53. Re4 g3 54. Re1 g2 55. Rg1 Rg7 56. Kc4 Bd6 57. Kb3 Bh2 58. Rc1 g1=Q 59. Rc2 Rg3+ 60. Kb2 Rg2 61. Kb3 Qb1+ 62. Ka3 Rxc2 0-1


[Site "https://www.chess.com"]

[Event "Titled Tuesday Blitz October 04 Late 2022"]
[White "Sarana, Alexey"]
[Black "Nakamura, Hikaru"]
[WhiteFideId "24133795"]
[BlackFideId "2016192"]
[WhiteElo "2689"]
[BlackElo "2909"]
[Result "0-1"]
[Round "08"]
[TimeControl "180+1"]
[Date "2022.10.04"]
[WhiteClock "0:00:03"]
[BlackClock "0:00:15"]

1. e4 c6 2. d4 d5 3. Nc3 dxe4 4. Nxe4 Nf6 5. Nxf6+ gxf6 6. Nf3 Bf5 7. Bd3 Bg6 8. c3 e6 9. Bf4 Bd6 10. Bxd6 Qxd6 11. Qe2 Nd7 12. O-O-O Qf4+ 13. Qe3 Qxe3+ 14. fxe3 Bxd3 15. Rxd3 f5 16. g3 h5 17. c4 Nf6 18. b4 b5 19. Ne5 bxc4 20. Nxc4 Nd5 21. Rb3 h4 22. gxh4 Rxh4 23. h3 Rb8 24. a3 f6 25. Kd2 Kd7 26. Rg1 Rh7 27. Rg3 Rbh8 28. b5 f4 29. exf4 Nxf4 30. b6 axb6 31. Rxb6 Nd5 32. Rb7+ Kd8 33. Rb8+ Kc7 34. Rxh8 Rxh8 35. a4 Rh4 36. Rg7+ Kd8 37. Na5 Rxd4+ 38. Ke2 Rxa4 39. Nxc6+ Ke8 40. Rh7 Rc4 41. Na5 Rc3 42. Nb7 Rxh3 43. Nd6+ Kf8 44. Rf7+ Kg8 45. Ra7 f5 46. Ra5 Rh5 47. Ra7 Rh7 48. Ra5 Rd7 49. Nc4 Kg7 50. Ra6 Kf6 51. Kf3 Rc7 52. Nd6 Rc3+ 53. Ke2 Nf4+ 54. Kf2 Rb3 55. Ra4 Ng6 56. Ne8+ Kg5 57. Nc7 Rb6 58. Na6 e5 59. Nc5 Rb2+ 60. Ke3 Rc2 61. Ne6+ Kh6 62. Ra1 Rc3+ 63. Kd2 Rh3 64. Ra8 f4 65. Re8 Kh5 66. Nc5 Kg4 67. Nd3 Rh2+ 68. Ke1 Kf5 69. Nf2 Rh7 70. Rg8 e4 71. Ra8 Re7 72. Ra5+ Ne5 73. Ke2 Rb7 74. Ra4 Rb2+ 75. Kf1 e3 76. Nh3 e2+ 77. Kf2 Nd3+ 78. Kf3 e1=N# 0-1


[Site "https://www.chess.com"]

[Event "Titled Tuesday Blitz October 04 Late 2022"]
[White "Tang, Andrew"]
[Black "Bazeev, German"]
[WhiteFideId "2059630"]
[BlackFideId "24119350"]
[WhiteElo "2581"]
[BlackElo "2493"]
[Result "1-0"]
[Round "08"]
[TimeControl "180+1"]
[Date "2022.10.04"]
[WhiteClock "0:00:22"]
[BlackClock "0:00:04"]

1. d4 Nf6 2. c4 e6 3. Nc3 Bb4 4. Qc2 d5 5. cxd5 Qxd5 6. Nf3 Qf5 7. Qb3 Nc6 8. Bd2 a5 9. a3 Bxc3 10. Bxc3 a4 11. Qc4 Qd5 12. e3 Ne4 13. Rc1 Nd6 14. Qd3 b6 15. Qc2 Bb7 16. Bd3 Ne7 17. O-O g5 18. Rfd1 g4 19. Ne1 h5 20. Bb4 Rc8 21. Qxa4+ b5 22. Qc2 h4 23. Qc5 h3 24. Qxd5 Nxd5 25. Bxd6 cxd6 26. Bxb5+ Ke7 27. Bf1 Nf6 28. Nd3 Ne4 29. Rxc8 Rxc8 30. Rc1 Rxc1 31. Nxc1 Nd2 32. Be2 f5 33. gxh3 gxh3 34. a4 e5 35. a5 f4 36. a6 Ba8 37. b4 Kd8 38. b5 Kc7 39. dxe5 dxe5 40. Nd3 f3 41. Bf1 e4 42. Nf4 Kb6 43. Ne6 Nxf1 44. Kxf1 Bd5 45. Nd4 1-0


[Site "https://www.chess.com"]

[Event "Titled Tuesday Blitz October 04 Late 2022"]
[White "Vazquez, Guillermo"]
[Black "Mikhailovsky, Vladimir"]
[WhiteFideId "3702308"]
[BlackFideId "34105414"]
[WhiteElo "2543"]
[BlackElo "2297"]
[Result "1-0"]
[Round "08"]
[TimeControl "180+1"]
[Date "2022.10.04"]
[WhiteClock "0:01:14"]
[BlackClock "0:01:11"]

1. b3 d5 2. Bb2 Bf5 3. d3 e6 4. Nd2 Nf6 5. g3 Nbd7 6. Bg2 c6 7. e4 dxe4 8. dxe4 Bg6 9. Ne2 Qc7 10. Nf4 e5 11. Nxg6 hxg6 12. Qe2 Bb4 13. a3 Bxd2+ 14. Qxd2 O-O-O 15. O-O-O Nc5 16. Qe3 b6 17. h4 Kb7 18. Bf3 Ne6 19. Be2 Rhe8 20. Bc4 Nd4 21. f3 Nh5 22. Rhg1 Rd7 23. Bxd4 exd4 24. Rxd4 Rxd4 25. Qxd4 Nxg3 26. Qxg7 b5 27. Qxf7 bxc4 28. Qxc7+ Kxc7 29. Rxg3 cxb3 30. cxb3 Rf8 31. Kd2 Rf4 32. Ke3 Rxh4 33. Rxg6 Rh1 34. Rg7+ Kb6 35. f4 Rb1 36. f5 Rxb3+ 37. Kf4 Rxa3 38. f6 Ra1 39. Rg3 1-0


[Site "https://www.chess.com"]

[Event "Titled Tuesday Blitz October 04 Late 2022"]
[White "Zakhartsov, Vladimir"]
[Black "Lazavik, Denis"]
[WhiteFideId "4145097"]
[BlackFideId "13515110"]
[WhiteElo "2492"]
[BlackElo "2437"]
[Result "0-1"]
[Round "08"]
[TimeControl "180+1"]
[Date "2022.10.04"]
[WhiteClock "0:00:04"]
[BlackClock "0:00:16"]

1. d4 Nf6 2. c4 e6 3. Nf3 d5 4. g3 Bb4+ 5. Bd2 Be7 6. Bg2 O-O 7. O-O c6 8. Bc3 Nbd7 9. Nbd2 a5 10. b3 b5 11. c5 b4 12. Bb2 Ba6 13. Re1 Ne4 14. Nxe4 dxe4 15. Nd2 f5 16. e3 Nf6 17. f3 Bd3 18. Nc4 Bxc4 19. bxc4 a4 20. a3 b3 21. Qb1 exf3 22. Bxf3 Qd7 23. Qd3 e5 24. Qc3 e4 25. Bg2 Bd8 26. Rf1 Ba5 27. Qc1 Rae8 28. Qd1 Qe6 29. Qe2 g6 30. Rad1 Rd8 31. d5 cxd5 32. cxd5 Nxd5 33. Qc4 Qf7 34. Bd4 b2 35. Qc2 Qb7 36. Qxa4 Bc3 37. Bxc3 Nxc3 38. Qc4+ Nd5 39. c6 Qf7 40. Qb3 Rb8 41. Qxd5 Qxd5 42. Rxd5 b1=Q 43. Rxb1 Rxb1+ 44. Bf1 Rc1 45. Kf2 Rxc6 46. a4 Rc2+ 47. Kg1 Rb8 48. Bb5 Rbc8 49. h4 Rc1+ 50. Kf2 R8c2+ 51. Be2 Rh1 52. Rd8+ Kg7 53. Rd7+ Kh6 54. g4 fxg4 55. Kg2 Re1 56. Kf2 Rexe2+ 57. Kg3 Rg2+ 58. Kf4 g3 0-1


[Site "https://www.chess.com"]

[Event "Titled Tuesday Blitz October 04 Late 2022"]
[White "Zhigalko, Sergei"]
[Black "Gritsenko, Nikolai"]
[WhiteFideId "13502956"]
[BlackFideId "14112493"]
[WhiteElo "2662"]
[BlackElo "2389"]
[Result "1-0"]
[Round "08"]
[TimeControl "180+1"]
[Date "2022.10.04"]
[WhiteClock "0:00:08"]
[BlackClock "0:00:08"]

1. e4 d6 2. d4 Nf6 3. Nc3 g6 4. Nf3 Bg7 5. Be3 Ng4 6. Bg5 h6 7. Bh4 Nc6 8. h3 Nf6 9. Bb5 Bd7 10. O-O Nh5 11. d5 Ne5 12. Be2 Nf4 13. Re1 g5 14. Bg3 Neg6 15. Nd4 h5 16. Qd2 a6 17. Rad1 Qc8 18. Bf1 Be5 19. Nf3 f6 20. Nxe5 fxe5 21. Ne2 Kf7 22. f3 Qg8 23. c4 b6 24. b4 Qg7 25. c5 Rag8 26. cxb6 cxb6 27. Rc1 Qf6 28. Rc7 Bb5 29. a4 Nxe2+ 30. Bxe2 Bxe2 31. Qxe2 Nf4 32. Bxf4 gxf4 33. Qxa6 Qh4 34. Re2 Qxh3 35. Qxb6 Qxf3 36. Qxd6 Qg4 37. Rxe7+ Kf8 38. Qf6# 1-0


[Site "https://www.chess.com"]

[Event "Titled Tuesday Blitz October 04 Late 2022"]
[White "miragha_yev"]
[Black "Jegorovas, Aleksandras"]
[BlackFideId "12801950"]
[WhiteElo "2788"]
[BlackElo "2247"]
[Result "1-0"]
[Round "08"]
[TimeControl "180+1"]
[Date "2022.10.04"]
[WhiteClock "0:01:51"]
[BlackClock "0:01:39"]

1. e4 e6 2. d4 d5 3. Nc3 Bb4 4. exd5 exd5 5. Bd3 Nc6 6. a3 Be7 7. Nge2 Nf6 8. O-O Bg4 9. h3 Bh5 10. Be3 Bg6 11. Qd2 O-O 12. Rae1 Qd7 13. Nf4 Rfe8 14. Nxg6 hxg6 15. Ne2 Bd6 16. c3 a6 17. Bf4 Ne7 18. Be5 Nf5 19. Ng3 Nxg3 20. fxg3 c5 21. Bxf6 gxf6 22. Rxf6 Rxe1+ 23. Qxe1 Re8 24. Qf2 Be7 25. Rxf7 cxd4 26. Bxg6 dxc3 27. Bh7+ Kh8 28. Qd4+ 1-0


[Site "https://www.chess.com"]

[Event "Titled Tuesday Blitz October 04 Late 2022"]
[White "Amburgy, Ryan"]
[Black "Besedes, Danilo"]
[WhiteFideId "30924820"]
[BlackFideId "946796"]
[WhiteElo "2121"]
[BlackElo "2352"]
[Result "1-0"]
[Round "09"]
[TimeControl "180+1"]
[Date "2022.10.04"]
[WhiteClock "0:02:05"]
[BlackClock "0:00:20"]

1. Nf3 Nf6 2. c4 e6 3. Nc3 d5 4. d4 Be7 5. cxd5 exd5 6. Bg5 c6 7. Qc2 O-O 8. e3 h6 9. Bh4 Re8 10. Bd3 a5 11. a4 Na6 12. Bf5 Nb4 13. Qb1 Ne4 14. Bxe7 Rxe7 15. Bxc8 Qxc8 16. O-O Qe8 17. Na2 Nxa2 18. Qxa2 Re6 19. Ne5 f6 20. Nf3 Qh5 21. Qa3 Rae8 22. b4 axb4 23. Qxb4 R8e7 24. a5 Kh7 25. h3 Ng5 26. Nxg5+ hxg5 27. Rfc1 g4 28. hxg4 Qxg4 29. a6 bxa6 30. Rxa6 c5 31. Qb1+ Qe4 32. Qxe4+ Rxe4 33. dxc5 Rc4 34. Rxc4 dxc4 35. Ra4 Re4 36. c6 1-0


[Site "https://www.chess.com"]

[Event "Titled Tuesday Blitz October 04 Late 2022"]
[White "Bazeev, German"]
[Black "Sargsyan, Anna M."]
[WhiteFideId "24119350"]
[BlackFideId "13308130"]
[WhiteElo "2493"]
[BlackElo "2284"]
[Result "1-0"]
[Round "09"]
[TimeControl "180+1"]
[Date "2022.10.04"]
[WhiteClock "0:01:14"]
[BlackClock "0:00:05"]

1. d4 d5 2. c4 c6 3. Nf3 Nf6 4. Qc2 e6 5. Bg5 Nbd7 6. e3 Be7 7. Nc3 O-O 8. Bd3 Re8 9. O-O-O dxc4 10. Bxc4 b5 11. Bd3 b4 12. Ne4 Nxe4 13. Bxe7 Qxe7 14. Bxe4 Nf6 15. Kb1 Bb7 16. Bd3 Rec8 17. Rc1 a5 18. Ne5 a4 19. Qc5 Qc7 20. Qxb4 Nd5 21. Qa3 Qb6 22. Rc5 Ba6 23. Rhc1 Bxd3+ 24. Nxd3 f6 25. R5c2 Qb5 26. e4 Nb6 27. Rc5 Qa6 28. Qc3 a3 29. b3 Rab8 30. Ka1 h6 31. h4 Kh7 32. g4 Nd7 33. Ra5 Qb7 34. g5 Qc7 35. gxh6 gxh6 36. e5 f5 37. Nf4 Re8 38. Rxa3 Qd8 39. Ra7 Re7 40. Qxc6 h5 41. Nxe6 Qe8 42. Ng5+ 1-0


[Site "https://www.chess.com"]

[Event "Titled Tuesday Blitz October 04 Late 2022"]
[White "Bilych, Olexiy"]
[Black "Le, Tuan Minh"]
[WhiteFideId "14156504"]
[BlackFideId "12401153"]
[WhiteElo "2320"]
[BlackElo "2530"]
[Result "0-1"]
[Round "09"]
[TimeControl "180+1"]
[Date "2022.10.04"]
[WhiteClock "0:00:02"]
[BlackClock "0:00:45"]

1. e4 c5 2. Nf3 Nf6 3. e5 Nd5 4. Nc3 e6 5. Ne4 f5 6. Nc3 Ne7 7. b4 cxb4 8. Nb5 Ng6 9. a3 a6 10. axb4 Bxb4 11. Ba3 Bxa3 12. Rxa3 O-O 13. h4 Nc6 14. d4 Nh8 15. c4 Nf7 16. c5 b6 17. Nd6 bxc5 18. Nxf7 Rxf7 19. dxc5 Qc7 20. Qa1 Nb4 21. Qc1 Bb7 22. Ng5 Rff8 23. f4 Rfc8 24. Rb3 a5 25. Rhh3 Bd5 26. Qd1 Bxb3 27. Qh5 Qxc5 28. Qxh7+ Kf8 29. Qh8+ Ke7 30. Qxg7+ Kd8 31. Nf7+ Kc7 32. Rxb3 Qc1+ 33. Kf2 Qc2+ 34. Be2 Qxb3 35. Ng5 a4 36. Bb5 Nc6 37. Bxc6 Kxc6 38. Nf7 Rg8 39. Qf6 Qb2+ 40. Ke3 Rg3# 0-1


[Site "https://www.chess.com"]

[Event "Titled Tuesday Blitz October 04 Late 2022"]
[White "Boros, Denes"]
[Black "Ibarra Jerez, Jose Carlos"]
[WhiteFideId "722340"]
[BlackFideId "2226332"]
[WhiteElo "2464"]
[BlackElo "2627"]
[Result "1-0"]
[Round "09"]
[TimeControl "180+1"]
[Date "2022.10.04"]
[WhiteClock "0:00:10"]
[BlackClock "0:00:01"]

1. Nf3 d6 2. c4 g6 3. g3 Bg7 4. Nc3 Nf6 5. d3 O-O 6. Bd2 c6 7. Qc1 d5 8. Bh6 e5 9. Bxg7 Kxg7 10. Bg2 Re8 11. Nd2 Bf5 12. O-O e4 13. cxd5 cxd5 14. dxe4 dxe4 15. Nc4 Nc6 16. Rd1 Qe7 17. Nd6 Qe6 18. Nxe8+ Rxe8 19. Qf4 Ne5 20. Nb5 Nh5 21. Qe3 Qe7 22. Nd6 Rg8 23. Bxe4 Bxe4 24. Qxe4 Nf6 25. Qxb7 Qe6 26. Ne4 Nh5 27. Qd5 Qf5 28. f4 Nxf4 29. gxf4 Qxf4 30. Qd4 f6 31. Ng3 Qg5 32. Kh1 Rf8 33. Rac1 Ng4 34. Rc7+ Kh6 35. Qd2 Nf2+ 36. Kg2 Nxd1 37. Qxd1 Re8 38. e4 Rxe4 39. Qd7 Re2+ 40. Kf1 Qe3 41. Qxh7+ Kg5 42. Rc5+ f5 43. Rxf5+ gxf5 44. Qxf5+ Kh6 45. Qf6+ Kh7 46. Nxe2 Qd3 47. Qh4+ Kg8 48. Qd4 Qb1+ 49. Kf2 Qxa2 50. Qc3 a5 51. Qg3+ Kh8 52. Qe5+ Kh7 53. h4 a4 54. Qf5+ Kh8 55. Qe5+ Kh7 56. h5 a3 57. bxa3 Qxa3 58. Nf4 Qa2+ 59. Kf3 Qb3+ 60. Kg4 Qg8+ 61. Qg5 Qc8+ 62. Qf5+ Kg7 63. Qxc8 1-0


[Site "https://www.chess.com"]

[Event "Titled Tuesday Blitz October 04 Late 2022"]
[White "Bortnyk, Mykola"]
[Black "Rasulov, Vugar"]
[WhiteFideId "14120836"]
[BlackFideId "13402390"]
[WhiteElo "2582"]
[BlackElo "2509"]
[Result "0-1"]
[Round "09"]
[TimeControl "180+1"]
[Date "2022.10.04"]
[WhiteClock "0:00:04"]
[BlackClock "0:00:06"]

1. e4 e5 2. Nf3 Nc6 3. Bb5 Nf6 4. Qe2 Bc5 5. c3 O-O 6. O-O d6 7. h3 Bb6 8. d3 Ne7 9. Be3 Ng6 10. Nbd2 c6 11. Ba4 Re8 12. Bb3 d5 13. Rfd1 h6 14. Nf1 a5 15. a4 Bxe3 16. fxe3 Qb6 17. Ba2 dxe4 18. dxe4 Be6 19. Bxe6 Rxe6 20. Ng3 Ree8 21. Kh2 Rad8 22. Rf1 Qa6 23. Qf2 Qd3 24. Rad1 Qxd1 25. Rxd1 Rxd1 26. Qc2 Red8 27. Qb3 R8d7 28. Qb6 Rb1 29. Qxa5 Rxb2 30. Nf5 Nxe4 31. Qa8+ Kh7 32. Qc8 Nf6 33. a5 Ra2 34. Qa8 Ra3 35. c4 Ra2 36. c5 Rc2 37. a6 bxa6 38. Qxc6 a5 39. Qb5 Rc7 40. Qxa5 R2xc5 41. Qa8 Rc2 42. Nd6 R2c3 43. Nb5 Rc8 44. Qb7 R3c5 45. Nd6 R8c7 46. Qb3 Rc3 47. Qa2 e4 48. Nd4 Rxe3 49. Nxf7 Rd3 50. Nf5 e3 51. Qe6 Rdd7 52. N7d6 Re7 53. Nxe7 Rxe7 54. Qxe7 Nxe7 55. Kg1 Ned5 56. Nc4 Ne4 57. Nb2 e2 58. Nd3 Nf4 59. Ne1 h5 60. Kh2 h4 61. Kg1 g5 62. g4 hxg3 63. h4 gxh4 64. Nf3 h3 0-1


[Site "https://www.chess.com"]

[Event "Titled Tuesday Blitz October 04 Late 2022"]
[White "Bortnyk, Olexandr"]
[Black "Nepomniachtchi, Ian"]
[WhiteFideId "14120828"]
[BlackFideId "4168119"]
[WhiteElo "2723"]
[BlackElo "2781"]
[Result "1-0"]
[Round "09"]
[TimeControl "180+1"]
[Date "2022.10.04"]
[WhiteClock "0:00:10"]
[BlackClock "0:00:04"]

1. d4 Nf6 2. Nc3 d5 3. Bf4 a6 4. e3 e6 5. Nf3 c5 6. a3 Nc6 7. h3 Bd6 8. dxc5 Bxc5 9. Bd3 Bd6 10. Bxd6 Qxd6 11. O-O O-O 12. e4 d4 13. Ne2 e5 14. Ng3 Be6 15. Qd2 h6 16. Nh4 Ne7 17. f4 exf4 18. Rxf4 Nd7 19. Raf1 Ne5 20. Nh5 Rac8 21. Rf6 N5g6 22. Nf5 Nxf5 23. exf5 Qe5 24. Re1 Qd5 25. fxe6 Nh4 26. exf7+ Rxf7 27. Rxf7 Qxf7 28. Ng3 Rc5 29. Qf2 Qd7 30. Qf4 Qd8 31. Qe4 g6 32. Qe8+ Qxe8 33. Rxe8+ Kf7 34. Re4 g5 35. Rxd4 Ke6 36. Kf2 Rc7 37. Re4+ Kd5 38. Re8 Rf7+ 39. Kg1 Kd6 40. Rh8 1-0


[Site "https://www.chess.com"]

[Event "Titled Tuesday Blitz October 04 Late 2022"]
[White "Duda, Jan-Krzysztof"]
[Black "Svane, Rasmus"]
[WhiteFideId "1170546"]
[BlackFideId "4657101"]
[WhiteElo "2779"]
[BlackElo "2674"]
[Result "1-0"]
[Round "09"]
[TimeControl "180+1"]
[Date "2022.10.04"]
[WhiteClock "0:02:19"]
[BlackClock "0:01:31"]

1. e4 c6 2. Nc3 d5 3. d3 dxe4 4. dxe4 Qxd1+ 5. Nxd1 e5 6. Bc4 Bc5 7. Nf3 f6 8. a4 a5 9. Nd2 Na6 10. Nb3 Bb6 11. Be3 Bxe3 12. Nxe3 Nc7 13. O-O-O Nh6 14. Rd2 b5 15. axb5 Nxb5 16. Rhd1 Ke7 17. Nc5 Ng4 18. Rd7+ 1-0


[Site "https://www.chess.com"]

[Event "Titled Tuesday Blitz October 04 Late 2022"]
[White "Erdogdu, Mert"]
[Black "Hristodoulou, Panagiotis"]
[WhiteFideId "6301495"]
[BlackFideId "4214340"]
[WhiteElo "2413"]
[BlackElo "2272"]
[Result "1-0"]
[Round "09"]
[TimeControl "180+1"]
[Date "2022.10.04"]
[WhiteClock "0:00:28"]
[BlackClock "0:00:03"]

1. e4 e5 2. Nf3 Nc6 3. Bc4 Nf6 4. d3 h6 5. a4 d6 6. c3 g6 7. O-O Bg7 8. Na3 O-O 9. Nc2 Kh7 10. Ne3 Nh5 11. d4 Bd7 12. a5 a6 13. Re1 f5 14. exf5 gxf5 15. dxe5 dxe5 16. Bb3 e4 17. Nd4 Nxd4 18. cxd4 Nf4 19. d5 Nd3 20. Re2 f4 21. Nc4 Bf5 22. d6 cxd6 23. Nb6 f3 24. Re3 Nxc1 25. Rxc1 Qg5 26. g3 Rae8 27. Rc7 Re5 28. Qxd6 Rxa5 29. Na4 b5 30. Qxf8 bxa4 31. Bc4 Re5 32. Qg8+ Kg6 33. Rxg7+ 1-0


[Site "https://www.chess.com"]

[Event "Titled Tuesday Blitz October 04 Late 2022"]
[White "Gubajdullin, Alexei"]
[Black "Demidov, Mikhail"]
[WhiteFideId "4141202"]
[BlackFideId "4197143"]
[WhiteElo "2200"]
[BlackElo "2520"]
[Result "0-1"]
[Round "09"]
[TimeControl "180+1"]
[Date "2022.10.04"]
[WhiteClock "0:00:01"]
[BlackClock "0:00:15"]

1. d4 g6 2. Nf3 Bg7 3. Bf4 d6 4. e3 Nd7 5. Be2 e5 6. Bg3 Nh6 7. h3 O-O 8. O-O Nf5 9. Bh2 exd4 10. exd4 Re8 11. c3 b6 12. Nbd2 Bb7 13. a4 a6 14. Re1 Nf6 15. Qb3 Qd7 16. Bc4 Rxe1+ 17. Rxe1 Re8 18. g4 Rxe1+ 19. Nxe1 Qe8 20. Qd1 Ne7 21. Qe2 Ned5 22. Qxe8+ Nxe8 23. g5 Ne7 24. Bd3 Kf8 25. Be4 Bxe4 26. Nxe4 Nf5 27. d5 h6 28. Bf4 hxg5 29. Bxg5 f6 30. Bd2 Ne7 31. c4 f5 32. Ng5 Bxb2 33. Ne6+ Kf7 34. a5 bxa5 35. Bxa5 c5 36. f4 Ng7 37. Ng5+ Ke8 38. Nd3 Bd4+ 39. Kf1 Kd7 40. Nf3 Bf6 41. Ke2 Nh5 42. Ke3 Ng8 43. Nd2 Bd4+ 44. Kf3 Ngf6 45. Nb3 Ne4 46. Nxd4 cxd4 47. Bb4 Nhf6 48. c5 dxc5 49. Bxc5 Nxc5 50. Nxc5+ Kd6 51. Nxa6 Nxd5 52. h4 d3 0-1


[Site "https://www.chess.com"]

[Event "Titled Tuesday Blitz October 04 Late 2022"]
[White "Hambleton, Aman"]
[Black "Brodowski, Piotr"]
[WhiteFideId "2606577"]
[BlackFideId "1124480"]
[WhiteElo "2538"]
[BlackElo "2361"]
[Result "1-0"]
[Round "09"]
[TimeControl "180+1"]
[Date "2022.10.04"]
[WhiteClock "0:00:02"]
[BlackClock "0:00:02"]

1. d4 d6 2. e4 g6 3. c4 Bg7 4. Nc3 Nc6 5. Nge2 e5 6. Be3 exd4 7. Nxd4 Nge7 8. Be2 O-O 9. O-O f5 10. Nxc6 Nxc6 11. exf5 Bxf5 12. Qd2 Qd7 13. Rfe1 Rae8 14. Rac1 Kh8 15. Nd5 Ne5 16. f4 Nc6 17. Bf2 Be4 18. b4 Ne7 19. Nc3 Nf5 20. Bf1 Bxc3 21. Qxc3+ Qg7 22. Qd2 h5 23. c5 d5 24. c6 b6 25. a4 Re6 26. a5 Rfe8 27. axb6 axb6 28. Ra1 d4 29. Ra7 Bxc6 30. Rxe6 Rxe6 31. h3 Rd6 32. Bd3 Kh7 33. Qc1 Qd7 34. b5 1-0


[Site "https://www.chess.com"]

[Event "Titled Tuesday Blitz October 04 Late 2022"]
[White "Harvey, Marcus R"]
[Black "Shuvalova, Polina"]
[WhiteFideId "400092"]
[BlackFideId "24171760"]
[WhiteElo "2457"]
[BlackElo "2392"]
[Result "1-0"]
[Round "09"]
[TimeControl "180+1"]
[Date "2022.10.04"]
[WhiteClock "0:00:11"]
[BlackClock "0:00:02"]

1. d4 Nf6 2. Bf4 d5 3. e3 c5 4. Nd2 Nc6 5. c3 Bf5 6. Ngf3 Qb6 7. dxc5 Qxb2 8. Nd4 Bg6 9. Bb5 Rc8 10. Nxc6 bxc6 11. Ba6 Rd8 12. O-O e6 13. Nb3 Qxc3 14. Bb7 Kd7 15. Nd4 Bxc5 16. Nxc6 Rde8 17. Rc1 Qa3 18. Nd4 Ke7 19. Nb5 Qb4 20. Rxc5 Ne4 21. Rc7+ Kf6 22. Bc6 Rb8 23. Nd4 e5 24. Bxd5 exf4 25. Rc6+ 1-0


[Site "https://www.chess.com"]